Map: Year Zero LE

Players

HeroMarine

  • Race: Terran Terran
  • Spawn Location: 1:00

Reynor - Winner!

  • Race: Zerg Zerg
  • Spawn Location: 11:00

Event: 2019 WCS Spring

VOD

Have the link to the VOD?

Description

Time

  • Played on: May 18, 2019, 3:50 p.m.
  • Length: 15:21

All games in this series

Show
View Real Time Build Order
Export as new Build Order

HeroMarine Terran 

Build Orders: Hellion Opening, Reaper Expand 

Get SALT Encoding   

  12  0:00  SCV  
  13  0:13  SCV  
  14  0:18  Supply Depot  
  14  0:25  SCV  
  15  0:39  SCV  
  15  0:41  Barracks  
  16  0:45  Refinery  
  16  0:52  SCV  
  17  1:04  SCV  
  18  1:16  SCV  
  19  1:29  Orbital Command, Reaper  
  20  1:42  Command Center  
  20  1:52  Supply Depot  
  20  1:54  SCV  
  20  2:00  Marine  
  22  2:06  SCV  
  23  2:10  Factory  
  23  2:14  Refinery  
  23  2:18  SCV  
  23  2:21  Barracks Reactor  
  24  2:30  SCV  
  25  2:43  SCV  
  26  2:54  Orbital Command, Starport  
  26  2:55  SCV  
  27  3:04  Hellion x2  
  31  3:06  Barracks Tech Lab  
  31  3:07  SCV  
  32  3:19  SCV  
  33  3:20  SCV  
  33  3:25  Hellion x2  
  38  3:27  Supply Depot  
  38  3:31  SCV  
  38  3:32  SCV  
  40  3:37  Viking  
  42  3:43  SCV  
  42  3:44  SCV  
  42  3:47  Hellion  
  46  3:49  Hellion  
  46  3:51  Supply Depot  
  48  3:56  SCV x2  
  50  4:07  Raven  
  50  4:08  SCV x2  
  54  4:14  Supply Depot  
  54  4:15  Hellion x2  
  58  4:20  Marine  
  59  4:25  Command Center  
  59  4:28  SCV x2  
  61  4:38  Hellion x2  
  63  4:40  SCV x2  
  63  4:43  Supply Depot  
  66  4:52  SCV  
  66  4:53  SCV  
  66  4:54  Factory  
  66  4:58  Factory  
  67  5:00  Refinery  
  67  5:01  Refinery  
  67  5:04  SCV  
  67  5:05  SCV  
  69  5:08  Hellion x2  
  69  5:11  Armory  
  73  5:17  SCV x2  
  75  5:27  Factory  
  75  5:28  Factory  
  75  5:29  SCV x2  
  77  5:37  Hellion x2  
  77  5:38  Orbital Command  
  81  5:44  Factory Tech Lab, SCV x2  
  81  5:49  Supply Depot  
  83  5:51  Infernal Pre-Igniter  
  86  5:57  Cyclone  
  86  5:58  SCV  
  86  5:59  SCV  
  86  6:02  Terran Vehicle And Ship Armor Level 1  
  88  6:10  SCV  
  88  6:12  Orbital Command, SCV  
  88  6:14  Factory Tech Lab, Factory Reactor  
  88  6:15  Cyclone  
  88  6:17  Hellion  
  93  6:22  SCV  
  93  6:24  SCV  
  95  6:27  Supply Depot x2  
  93  6:35  SCV  
  93  6:36  SCV  
  93  6:37  Cyclone x2  
  93  6:38  Hellion  
  93  6:39  Hellion  
  99  6:42  SCV  
  99  6:47  SCV  
  96  6:48  SCV  
  96  6:51  Cyclone, Refinery  
  96  6:53  Refinery  
  100  6:54  SCV  
  100  6:56  Mag-Field Accelerator  
  100  6:59  SCV  
  100  7:00  SCV, Engineering Bay  
  103  7:06  SCV  
  104  7:09  Cyclone  
  104  7:11  SCV  
  104  7:12  SCV  
  104  7:14  Cyclone  
  116  7:15  Hellion x2  
  116  7:18  SCV  
  116  7:20  Supply Depot  
  117  7:23  Supply Depot x3  
  117  7:33  Cyclone  
  117  7:35  SCV x3  
  117  7:36  Missile Turret  
  123  7:40  Missile Turret  
  123  7:42  Cyclone  
  126  7:48  Command Center  
  126  7:50  Cyclone  
  130  7:55  Factory  
  130  7:57  Factory  
  129  8:00  Starport Tech Lab  
  129  8:02  Terran Vehicle And Ship Armor Level 2  
  129  8:05  Siege Tank  
  130  8:06  Hellion x2  
  130  8:07  Hellion  
  130  8:08  Hellion  
  136  8:26  Siege Tank x2  
  140  8:32  Supply Depot  
  140  8:34  Supply Depot  
  140  8:37  Siege Tank  
  143  8:44  Factory Tech Lab, Hellion x4  
  151  8:51  Armory  
  151  8:52  Supply Depot  
  151  8:54  SCV x3  
  154  8:58  Siege Tank x2  
  154  8:59  Cyclone, Supply Depot  
  163  9:09  Cyclone  
  166  9:15  Cyclone  
  167  9:18  Hellion x4  
  167  9:21  Refinery  
  173  9:24  Refinery  
  173  9:30  Cyclone x2  
  178  9:31  Cyclone  
  181  9:42  Cyclone  
  182  9:46  Missile Turret  
  182  9:47  Planetary Fortress  
  182  9:48  Cyclone  
  185  9:54  Hellion x2  
  185  9:56  Hellion x2  
  179  10:12  Terran Vehicle Weapons Level 1  
  169  10:15  Factory, Hellion x2  
  169  10:16  Hellion  
  169  10:18  Hellion  
  169  10:19  Hellion  
  180  10:22  Missile Turret  
  180  10:24  Thor x3  
  187  10:29  Hellion x2  
  191  10:36  Hellion  
  191  10:40  Command Center  
  191  10:42  Sensor Tower, Terran Vehicle And Ship Armor Level 3  
  191  10:56  Thor  
  187  11:05  Cyclone, Hellion x2  
  187  11:06  Hellion x2  
  187  11:08  Cyclone  
  187  11:09  Hellion  
  187  11:10  Siege Tank  
  188  11:12  Factory Tech Lab  
  188  11:16  Missile Turret  
  186  11:26  SCV x3  
  186  11:30  Thor  
  195  11:36  Cyclone  
  198  11:41  Hellion x4  
  198  11:46  Command Center  
  192  11:50  Cyclone, Thor  
  195  12:00  Missile Turret, Hi-Sec Auto Tracking  
  193  12:03  Missile Turret  
  193  12:05  Thor  
  197  12:12  Thor  
  197  12:26  Planetary Fortress  
  197  12:28  Thor  
  197  12:29  Hellion  
  200  12:30  Hellion  
  200  12:34  Thor  
  200  12:36  Thor  
  189  12:37  Hellion x3  
  172  12:46  SCV x3  
  172  12:47  SCV  
  172  12:49  Hellion  
  178  12:55  Siege Tank  
  181  12:58  SCV x3, Siege Tank  
  181  12:59  SCV  
  181  13:01  Terran Vehicle Weapons Level 2  
  189  13:05  SCV  
  189  13:06  Missile Turret  
  189  13:10  Siege Tank  
  189  13:12  Refinery  
  192  13:15  Siege Tank  
  192  13:17  Refinery  
  192  13:19  Siege Tank  
  198  13:28  Starport  
  198  13:29  Starport Reactor, Starport, Fusion Core  
  188  13:38  Cyclone x2  
  188  13:39  Hellion  
  186  13:44  Cyclone  
  181  13:50  Hellion  
  177  13:56  Cyclone  
  177  14:00  Cyclone  
  145  14:04  Cyclone  
  145  14:10  Siege Tank  
  145  14:15  SCV x2  
  145  14:16  SCV x2  
  146  14:19  Siege Tank  
  147  14:25  Starport Reactor  
  147  14:28  Siege Tank  
  153  14:33  Siege Tank  
  153  14:36  Siege Tank  
  153  14:37  Hellion  
  158  14:42  Cyclone  
Show
View Real Time Build Order
Export as new Build Order

Reynor Zerg - Winner!

Build Orders: Hatch First, Lurkers 

Get SALT Encoding   

  12  0:00  Drone  
  13  0:13  Overlord  
  13  0:17  Drone  
  14  0:31  Drone x2  
  16  0:49  Hatchery  
  15  0:53  Drone  
  15  0:56  Drone  
  17  1:00  Drone  
  18  1:10  Extractor  
  17  1:15  Spawning Pool  
  17  1:18  Drone  
  17  1:22  Drone  
  18  1:28  Drone  
  19  1:39  Drone  
  20  1:50  Overlord  
  20  2:01  Queen x2  
  20  2:02  Zergling x4  
  26  2:11  Drone  
  26  2:12  Drone  
  28  2:27  Hatchery  
  27  2:30  Drone  
  27  2:33  Drone  
  27  2:36  Drone  
  30  2:42  Metabolic Boost  
  30  2:45  Drone  
  30  2:47  Drone  
  32  2:53  Queen  
  32  2:58  Overlord  
  34  3:02  Drone  
  34  3:05  Drone  
  36  3:16  Drone x4  
  36  3:17  Drone  
  36  3:19  Overlord  
  41  3:26  Drone  
  42  3:29  Queen  
  44  3:37  Drone  
  44  3:38  Drone x2  
  44  3:40  Drone  
  48  3:44  Queen  
  48  3:46  Zergling x2  
  48  3:48  Drone x2  
  52  3:52  Zergling x4  
  52  3:53  Overlord  
  55  3:59  Drone x2  
  55  4:01  Overlord  
  55  4:02  Drone  
  58  4:07  Overlord  
  58  4:10  Overlord  
  58  4:17  Overlord  
  58  4:18  Queen  
  58  4:20  Drone x2  
  58  4:21  Drone  
  63  4:25  Drone x2  
  63  4:26  Drone  
  63  4:28  Zergling x4  
  67  4:33  Overlord  
  67  4:34  Drone  
  68  4:39  Zergling x2  
  68  4:40  Evolution Chamber  
  68  4:45  Overlord, Spore Crawler  
  67  4:46  Drone x2  
  67  4:47  Drone  
  67  4:49  Spore Crawler  
  67  4:50  Spore Crawler  
  68  4:53  Queen  
  68  4:56  Drone x2  
  68  4:59  Overlord  
  72  5:06  Overlord  
  71  5:08  Drone x5  
  71  5:11  Zergling x2  
  77  5:14  Lair  
  77  5:16  Zerg Missile Weapons Level 1  
  77  5:17  Drone, Zergling x2  
  77  5:18  Extractor  
  77  5:20  Extractor  
  77  5:21  Drone, Baneling Nest  
  78  5:24  Drone  
  78  5:25  Drone x3  
  83  5:30  Overlord  
  83  5:33  Drone x3  
  86  5:37  Drone x2  
  86  5:38  Extractor  
  86  5:39  Queen  
  87  5:44  Overlord  
  87  5:45  Drone x3  
  90  5:50  Extractor  
  90  5:51  Extractor  
  90  5:52  Hatchery  
  90  5:53  Drone  
  90  5:55  Drone  
  90  5:56  Drone x2  
  91  6:02  Zergling x8  
  95  6:06  Overlord  
  95  6:14  Drone x2  
  95  6:15  Hydralisk Den  
  95  6:17  Infestation Pit  
  95  6:21  Overlord  
  95  6:22  Zergling x16  
  103  6:29  Overlord  
  101  6:33  Queen  
  101  6:38  Zergling x12  
  99  6:40  Overlord  
  95  6:49  Grooved Spines  
  95  6:50  Drone x7  
  102  6:57  Hive  
  102  7:00  Baneling x3  
  102  7:01  Drone x4, Baneling  
  103  7:05  Overlord  
  104  7:14  Extractor  
  104  7:15  Hydralisk x5  
  103  7:17  Hydralisk x3  
  118  7:23  Extractor  
  118  7:24  Hydralisk x4  
  118  7:27  Hydralisk  
  127  7:32  Hydralisk  
  127  7:33  Hydralisk x2  
  127  7:36  Drone x3  
  136  7:47  Overlord  
  136  7:50  Drone x2  
  138  7:55  Queen  
  140  8:04  Drone  
  140  8:05  Evolution Chamber  
  140  8:07  Evolution Chamber, Hydralisk x2  
  140  8:08  Viper x3  
  140  8:09  Viper  
  140  8:12  Zergling x8  
  158  8:14  Overlord  
  158  8:16  Drone  
  158  8:19  Hydralisk x4  
  160  8:21  Drone  
  160  8:22  Overlord  
  166  8:30  Drone  
  166  8:32  Lurker Den  
  166  8:34  Overlord  
  166  8:35  Zerg Missile Weapons Level 2  
  166  8:39  Drone  
  167  8:44  Viper  
  170  8:49  Drone  
  170  8:50  Overseer  
  170  8:51  Hatchery  
  170  8:52  Spine Crawler, Spore Crawler  
  170  8:55  Muscular Augments  
  168  8:57  Hydralisk x3  
  174  9:03  Hydralisk x2  
  174  9:08  Hydralisk x2  
  182  9:17  Overlord, Hydralisk  
  182  9:18  Hydralisk x3  
  190  9:27  Hydralisk x4  
  197  9:40  Hydralisk  
  199  9:55  Zerg Ground Armor Level 1  
  185  10:08  Hydralisk x9  
  185  10:10  Adaptive Talons  
  198  10:30  Lurker  
  198  10:35  Extractor  
  198  10:37  Extractor  
  198  10:41  Lurker  
  198  10:52  Spine Crawler x2  
  198  10:53  Spine Crawler  
  198  10:55  Drone x5, Spine Crawler  
  194  10:57  Drone  
  190  11:08  Viper x4  
  190  11:09  Viper  
  196  11:12  Drone x3  
  199  11:27  Evolution Chamber  
  199  11:28  Evolution Chamber, Lurker  
  198  11:44  Hydralisk x2  
  198  11:46  Zerg Missile Weapons Level 3  
  194  11:56  Lurker x5  
  194  11:59  Extractor  
  194  12:00  Drone  
  199  12:06  Lurker  
  200  12:15  Zerg Ground Armor Level 2  
  192  12:36  Hydralisk x14  
  192  12:37  Hydralisk  
  171  12:40  Hydralisk x4  
  199  12:47  Lurker  
  200  13:04  Lurker  
  200  13:22  Spine Crawler x2  
  200  13:23  Spine Crawler  
  197  13:28  Spire  
  197  13:29  Hydralisk, Lurker  
  197  13:30  Zergling x2  
  194  13:41  Hydralisk x5  
  192  13:43  Hydralisk  
  192  13:45  Zergling x4  
  192  13:47  Hydralisk x3  
  192  13:48  Hydralisk x3  
  198  13:51  Hydralisk x4  
  191  13:59  Hydralisk x5  
  191  14:00  Hydralisk x8  
  187  14:06  Hydralisk  
  187  14:07  Zergling x6, Hydralisk x5  
  187  14:08  Zergling x20  
  196  14:17  Hydralisk  
  196  14:18  Zergling x2  
  199  14:42  Hydralisk x3  
  199  14:45  Hydralisk x3  
  193  14:52  Hydralisk x11  
  178  14:53  Zergling x2  
  178  14:56  Hydralisk x2  
  178  14:57  Zergling x26  
  178  14:59  Zergling x4  
Tags
 
Add a new tag
Caveats
  • Supply blocks, unpowered buildings, or Contaminate may cause inaccurate times.
  • Supply counts are checked every 10 seconds.